[Event "ICC Open 2015"]
[Site "Internet Chess Club"]
[Date "2015.05.29"]
[Round "10"]
[White "Kempka"]
[Black "Vegita"]
[Result "1-0"]
[ICCResult "Black checkmated"]
[WhiteElo "2730"]
[BlackElo "2324"]
[Opening "Benoni defense"]
[ECO "A61"]
[NIC "QI.01"]
[Time "15:52:17"]
[TimeControl "180+0"]

1. d4 Nf6 2. c4 e6 3. Nf3 c5 4. d5 d6 5. Nc3 exd5 6. cxd5 g6 7. Bf4 Bg7 8.
e3 O-O 9. h3 Re8 10. Nd2 Na6 11. Be2 Nc7 12. Nc4 Bf8 13. a4 Ne4 14. O-O b6
15. Nb5 a6 16. Nc3 Rb8 17. a5 b5 18. Nb6 Bb7 19. Nxe4 Rxe4 20. f3 Rb4 21.
Qd2 Bg7 22. Ra2 Qe7 23. Rd1 Re8 24. e4 f5 25. Bd3 Rd4 26. Be3 Nxd5 27. Bxd4
Bxd4+ 28. Kh1 Ne3 29. Re1 f4 30. b4 Qg7 31. Rc1 c4 32. Be2 h5 33. Qe1 Qf6
34. Nd7 Qg5 35. Bf1 Nf5 36. g4 fxg3 37. Rd1 Bg7 38. Qd2 Ne3 39. Re1 Bh6 40.
Bg2 Re7 41. Qxd6 Nxg2 42. Rxg2 h4 43. Nf6+ Kg7 44. Qxe7+ Kh8 45. Qh7#
{Black checkmated}
1-0

[Event "ICC Open 2015"]
[Site "Internet Chess Club"]
[Date "2015.05.29"]
[Round "10"]
[White "dwg6"]
[Black "MichelRocard"]
[Result "1-0"]
[ICCResult "Black resigns"]
[WhiteElo "2258"]
[BlackElo "1971"]
[Opening "English opening"]
[ECO "A25"]
[NIC "EO.20"]
[Time "15:52:46"]
[TimeControl "180+0"]

1. c4 e5 2. g3 Nc6 3. Nc3 f5 4. Nf3 Bb4 5. Nd5 Be7 6. d3 d6 7. Bg2 Nf6 8.
O-O O-O 9. Nxe7+ Nxe7 10. Bg5 c6 11. b4 h6 12. Bxf6 Rxf6 13. Qb3 Be6 14. Nd2
f4 15. a4 Qd7 16. b5 Raf8 17. Ne4 Rg6 18. bxc6 Nxc6 19. Nc3 b6 20. Qb5 Nd4
21. Qxd7 Bxd7 22. Bd5+ Kh8 23. a5 Bh3 24. Rfb1 f3 25. e3 Nf5 26. axb6 axb6
27. Rxb6 Nxe3 28. Bxf3 Rxf3 29. fxe3 Rgf6 30. Rbb1 Rxe3 31. Nd5 Rff3 32.
Nxe3 Rxe3 33. Rd1 h5 34. Kf2 Rxd3 35. Rxd3 Kh7 36. Rxd6 g6 37. c5 Kh6 38. c6
Bf5 39. c7 Kg5 40. Rd8 e4 41. c8=Q Bxc8 42. Rxc8 Kg4 43. Rc4 g5 44. Rxe4+
Kh3 45. Raa4 h4 46. gxh4 g4 47. Re3+ Kxh4 48. Ree4 Kh3 49. Rxg4 {Black
resigns} 1-0

[Event "ICC Open 2015"]
[Site "Internet Chess Club"]
[Date "2015.05.29"]
[Round "10"]
[White "mcplayerus"]
[Black "random31415"]
[Result "1-0"]
[ICCResult "Black forfeits on time"]
[WhiteElo "1834"]
[BlackElo "1878"]
[Opening "QGD: 4.Nf3"]
[ECO "D37"]
[NIC "QI.01"]
[Time "15:51:39"]
[TimeControl "180+0"]

1. d4 Nf6 2. c4 e6 3. Nf3 d5 4. Nc3 dxc4 5. e3 a6 6. Bxc4 b5 7. Bd3 Bb7 8.
O-O Nbd7 9. e4 b4 10. e5 bxc3 11. exf6 gxf6 12. bxc3 f5 13. Bg5 Be7 14. Bxe7
Qxe7 15. Ne5 Nxe5 16. dxe5 Rg8 17. f3 Qc5+ 18. Kh1 Qxe5 19. Qa4+ c6 20. Rab1
Qc7 21. Qb4 O-O-O 22. Bc4 c5 23. Qb2 Rd7 24. Rfd1 Rgd8 25. Rxd7 Rxd7 26. Qf2
Rd6 27. h3 Rb6 28. Rd1 Rd6 29. Rxd6 Qxd6 30. Qh4 Qd1+ 31. Kh2 Qd6+ 32. Kh1
Qd1+ 33. Kh2 Qd2 34. Qf6 Bxf3 35. Qg7 Bb7 36. Qg8+ Kc7 37. Qxf7+ Kb8 38.
Qf8+ Bc8 39. Qxc5 Qd7 40. Qe5+ Qc7 41. Qxc7+ Kxc7 42. Kg3 e5 43. Bd3 e4 44.
Bc2 Kd6 45. Kf4 Ke6 46. g4 fxg4 47. hxg4 e3 48. Bf5+ Kd5 49. Kxe3 Bb7 50.
Bxh7 Ke5 51. Bf5 Bg2 52. c4 Bc6 53. c5 Be8 54. Kd3 Kd5 55. a3 Kxc5 56. Kc3
Kb5 57. Kb3 {Black forfeits on time} 1-0

[Event "ICC Open 2015"]
[Site "Internet Chess Club"]
[Date "2015.05.29"]
[Round "10"]
[White "capaldi"]
[Black "Estocolmov"]
[Result "0-1"]
[ICCResult "White forfeits on time"]
[WhiteElo "1875"]
[BlackElo "2205"]
[Opening "French: Tarrasch, closed variation"]
[ECO "C05"]
[NIC "FR.16"]
[Time "15:52:10"]
[TimeControl "180+0"]

1. e4 e6 2. d4 d5 3. Nd2 Nf6 4. e5 Ng8 5. Bd3 b6 6. Qe2 Ne7 7. c3 c5 8. f4
Nf5 9. Ngf3 Be7 10. O-O cxd4 11. Nxd4 Nxd4 12. cxd4 g6 13. a4 Nc6 14. Bb5
Bd7 15. Nb1 O-O 16. Be3 Na5 17. Nc3 Bxb5 18. axb5 Qd7 19. g4 f6 20. f5 exf5
21. gxf5 fxe5 22. fxg6 hxg6 23. Qg2 Kg7 24. Nxd5 Nc4 25. dxe5 Rad8 26. Rad1
Nxe3 27. Nxe3 Qe6 28. Rxd8 Rxd8 29. Nf5+ Kh7 30. Nxe7 Qxe7
{White forfeits on time}
0-1

[Event "ICC Open 2015"]
[Site "Internet Chess Club"]
[Date "2015.05.29"]
[Round "10"]
[White "Babaliyev"]
[Black "xionoula"]
[Result "0-1"]
[ICCResult "White checkmated"]
[WhiteElo "1973"]
[BlackElo "2211"]
[Opening "QGD Slav: 4.Nc3"]
[ECO "D15"]
[NIC "SL.03"]
[Time "15:52:12"]
[TimeControl "180+0"]

1. d4 d5 2. Nf3 Nf6 3. c4 c6 4. Nc3 a6 5. cxd5 cxd5 6. Bf4 Nc6 7. e3 e6 8.
Rc1 Bd6 9. Bxd6 Qxd6 10. Bd3 O-O 11. O-O Bd7 12. h3 h6 13. Na4 Rac8 14. Nb6
Rc7 15. Nxd7 Nxd7 16. a3 Rfc8 17. Qd2 Ne7 18. Bb1 Nf6 19. Ne5 g6 20. Rxc7
Qxc7 21. Qd3 Kg7 22. g3 Nd7 23. Nf3 Nb6 24. Ne5 Nd7 25. Nf3 Nb6 26. Ne5 Nc4
27. Rc1 Nxe5 28. Rxc7 Nxd3 29. Rxc8 Nxc8 30. Bxd3 Nd6 31. f3 Nc4 32. Bxc4
dxc4 33. Kf2 b5 34. Ke2 Kf8 35. e4 f5 36. Kd2 Ke7 37. h4 h5 38. Kc3 Kd6 39.
b3 cxb3 40. Kxb3 a5 41. Kc3 Ke7 42. Kb3 Kf6 43. Kc3 g5 44. hxg5+ Kxg5 45. d5
exd5 46. exd5 Kf6 47. Kd4 b4 48. axb4 axb4 49. f4 Ke7 50. Kc4 Kd6 51. Kxb4
Kxd5 52. Kc3 Ke4 53. Kc4 Kf3 54. Kd4 Kxg3 55. Ke5 Kg4 56. Kf6 h4 57. Kg6 h3
58. Kf6 h2 59. Kg6 h1=Q 60. Kf6 Qe4 61. Kg6 Qxf4 62. Kf6 Qg5+ 63. Ke5 f4+
64. Ke4 Qf5+ 65. Kd4 f3 66. Ke3 f2 67. Kd2 Qf4+ 68. Ke2 Qf3+ 69. Kf1 Qd1+
70. Kg2 f1=Q+ 71. Kh2 Qg1# {White checkmated} 0-1

[Event "ICC Open 2015"]
[Site "Internet Chess Club"]
[Date "2015.05.29"]
[Round "10"]
[White "wolwerine"]
[Black "JUGGERNOT"]
[Result "1-0"]
[ICCResult "Black forfeits on time"]
[WhiteElo "2168"]
[BlackElo "1855"]
[Opening "Scandinavian: Marshall variation"]
[ECO "B01"]
[NIC "SD.03"]
[Time "15:52:14"]
[TimeControl "180+0"]

1. e4 d5 2. exd5 Nf6 3. d4 Nxd5 4. Nf3 Bg4 5. Be2 Qd6 6. O-O Nc6 7. c3 f6 8.
h3 Bh5 9. Nbd2 Nf4 10. Bb5 g5 11. Ne4 Qd8 12. Bxf4 gxf4 13. d5 a6 14. Be2
Bxf3 15. Bxf3 Ne5 16. Re1 Bh6 17. Bh5+ Kf8 18. Qb3 b6 19. Rad1 Qc8 20. d6
cxd6 21. Qxb6 Rb8 22. Qa7 Rxb2 23. Nxd6 exd6 24. Rxe5 Rb7 25. Re8+ Qxe8 26.
Qxb7 Qxh5 27. Rxd6 Qf7 28. Rd7 Qe8 29. Qd5 f3 30. Rd8 Bg7 31. Rxe8+ Kxe8 32.
Qxf3 Kf7 33. Qb7+ Kg6 34. Qxa6 Re8 35. Qd3+ f5 36. g4 Re1+ 37. Kg2 Re5 38.
c4 Kg5 39. Qd2+ f4 40. Qd8+ Bf6 41. Qg8+ Kh6 42. Qf7 Bg5 43. c5 Rxc5 44.
Qf8+ Kg6 45. Qxc5 f3+ 46. Kxf3 Be7 47. Qf5+ Kg7 48. g5 h6 49. g6 Bf6 50. h4
h5 51. Qxh5 Bxh4 52. Qh7+ Kf6 53. g7 Bxf2 54. g8=Q {Black forfeits on time}
1-0

[Event "ICC Open 2015"]
[Site "Internet Chess Club"]
[Date "2015.05.29"]
[Round "10"]
[White "QuintilianoR"]
[Black "TheCypriot"]
[Result "1-0"]
[ICCResult "Black forfeits on time"]
[WhiteElo "2298"]
[BlackElo "1902"]
[Opening "French: Winawer, advance, poisoned pawn variation"]
[ECO "C18"]
[NIC "FR.11"]
[Time "15:52:55"]
[TimeControl "180+0"]

1. e4 e6 2. d4 d5 3. Nc3 Bb4 4. e5 c5 5. a3 Bxc3+ 6. bxc3 Ne7 7. Qg4 Kf8 8.
Bd3 Qa5 9. Bd2 Qa4 10. Ra2 Nbc6 11. Nf3 h6 12. h4 b6 13. Qf4 Ba6 14. dxc5
Qxf4 15. Bxf4 Bxd3 16. cxd3 bxc5 17. Rb2 Kg8 18. Ke2 Kh7 19. Be3 c4 20. h5
Rab8 21. Rhb1 g5 22. g4 a5 23. Bc5 Rxb2+ 24. Rxb2 Nc8 25. Rb7 Kg7 26. Rc7
N8e7 27. Bxe7 Nxe7 28. Rxe7 Rb8 29. dxc4 dxc4 30. Ra7 Rb2+ 31. Nd2 Rc2 32.
Rxa5 Rxc3 33. Ra4 Rc2 34. Rxc4 {Black forfeits on time} 1-0

[Event "ICC Open 2015"]
[Site "Internet Chess Club"]
[Date "2015.05.29"]
[Round "10"]
[White "Hareaum"]
[Black "picopico"]
[Result "0-1"]
[ICCResult "White checkmated"]
[WhiteElo "1811"]
[BlackElo "1898"]
[Opening "French: advance, Nimzovich system"]
[ECO "C00"]
[NIC "FR.01"]
[Time "15:53:14"]
[TimeControl "180+0"]

1. e4 e6 2. e5 d5 3. Nf3 c5 4. d4 cxd4 5. Qxd4 Nc6 6. Bb5 Bd7 7. Bxc6 bxc6
8. O-O c5 9. Qd1 Ne7 10. c4 d4 11. b3 Bc6 12. Ba3 Ng6 13. Re1 Be7 14. Nbd2
O-O 15. Ne4 Qb6 16. Rc1 a5 17. Nd6 Bxd6 18. exd6 Rad8 19. Ne5 Rxd6 20. Nxg6
hxg6 21. Qg4 Bb7 22. Rcd1 Qc6 23. f3 f6 24. h4 e5 25. Qxg6 f5 26. Qg5 e4 27.
h5 e3 28. Bb2 Rdf6 29. Rd3 f4 30. a4 Rf5 31. Qg4 Qf6 32. g3 Rg5 33. Qd7
Rxg3+ 34. Kf1 Rxf3+ 35. Ke2 Rf2+ 36. Kd1 Rxb2 37. Qxb7 Rb1+ 38. Ke2 f3+ 39.
Kf1 e2+ 40. Kf2 Rxe1 41. Kxe1 f2+ 42. Kxe2 f1=Q+ 43. Kd2 Q6f2#
{White checkmated}
0-1

[Event "ICC Open 2015"]
[Site "Internet Chess Club"]
[Date "2015.05.29"]
[Round "10"]
[White "supermouse"]
[Black "dafresh"]
[Result "1/2-1/2"]
[ICCResult "White stalemated"]
[WhiteElo "2675"]
[BlackElo "2293"]
[Opening "Réti opening"]
[ECO "A06"]
[NIC "QP.09"]
[Time "15:51:53"]
[TimeControl "180+0"]

1. Nf3 d5 2. e3 Nf6 3. c4 c6 4. Nc3 a6 5. Qc2 b5 6. b3 g6 7. d4 Bf5 8. Bd3
Bxd3 9. Qxd3 Bg7 10. O-O O-O 11. a4 bxc4 12. bxc4 Nbd7 13. Ba3 Re8 14. cxd5
cxd5 15. Rab1 e6 16. Rb7 Rb8 17. Qxa6 Qc8 18. Nb5 Qxb7 19. Qxb7 Rxb7 20. Nd6
Ra7 21. Nxe8 Nxe8 22. Rc1 Rxa4 23. Be7 Nb6 24. Rb1 Nc4 25. g4 f6 26. g5 Kf7
27. Rb7 Ra1+ 28. Kg2 Kg8 29. Rb8 Kf7 30. Rb7 Kg8 31. Rb8 Kf7 32. Rb7 Rb1 33.
Rxb1 Kxe7 34. Rb7+ Kf8 35. gxf6 Bxf6 36. h4 h5 37. Kg3 Ng7 38. Ng5 Bxg5 39.
hxg5 Nf5+ 40. Kf4 h4 41. f3 Kg8 42. e4 dxe4 43. fxe4 Nfd6 44. Rb3 Nf7 45. d5
exd5 46. exd5 Ncd6 47. Kg4 Nf5 48. Rb7 N7d6 49. Ra7 Kf8 50. Rc7 Kg8 51. Rd7
Ne4 52. Rd8+ Kf7 53. Rd7+ Ke8 54. Rh7 Nf2+ 55. Kf4 Nd3+ 56. Ke4 Nc5+ 57. Ke5
Nd7+ 58. Ke6 Nf8+ 59. Ke5 Nxh7 60. Kf4 h3 61. Kf3 h2 62. Kg2 Nxg5 63. Kxh2
Ne4 64. Kg2 Ned6 65. Kf3 Kf7 66. Kf4 Kf6 67. Kf3 g5 68. Ke2 Kg6 69. Kf2 Kh5
70. Kf3 g4+ 71. Kg2 Kg5 72. Kg1 Kf4 73. Kf1 g3 74. Kg1 Kg4 75. Kf1 Kf3 76.
Kg1 g2 77. Kh2 Kf2 78. Kh3 g1=Q {White stalemated} 1/2-1/2

[Event "ICC Open 2015"]
[Site "Internet Chess Club"]
[Date "2015.05.29"]
[Round "10"]
[White "SPARNALIQ"]
[Black "Unlikely"]
[Result "1-0"]
[ICCResult "Black forfeits on time"]
[WhiteElo "2784"]
[BlackElo "2062"]
[Opening "French: Steinitz, Boleslavsky variation"]
[ECO "C11"]
[NIC "FR.04"]
[Time "15:52:02"]
[TimeControl "180+0"]

1. e4 e6 2. d4 d5 3. Nc3 Nf6 4. e5 Nfd7 5. Be3 c5 6. f4 Nc6 7. Nf3 Be7 8.
Bb5 O-O 9. O-O cxd4 10. Nxd4 Qc7 11. Qf3 Nxd4 12. Bxd4 Bc5 13. Rad1 Nb6 14.
Qf2 Bxd4 15. Qxd4 Bd7 16. Bd3 Rac8 17. Kh1 Qc5 18. Ne2 Na4 19. b3 Nc3 20.
Qxc3 Qxc3 21. Nxc3 Rxc3 22. a3 Rfc8 23. Rf3 g6 24. h4 h5 25. Kh2 R8c7 26. a4
Kf8 27. Kh3 Ke7 28. g4 hxg4+ 29. Kxg4 Bc6 30. Kg5 d4 31. Rg3 Be4 32. Rd2
Bxd3 33. Rgxd3 Rxc2 34. Rxc2 Rxc2 35. Rxd4 Rc3 36. b4 Rg3+ 37. Kh6 Rg4 38.
h5 gxh5 39. Kxh5 Rg1 40. Rc4 Kd7 41. b5 b6 42. Rd4+ Ke7 43. Rc4 Kd7 44. Kh4
Rg8 45. Rd4+ Kc7 46. Rc4+ Kd7 47. Rd4+ Kc7 48. Kh5 Rg1 49. Kh6 Rg2 50. f5
exf5 51. Kh5 Rg1 52. Rf4 Kd7 53. Rxf5 Ke7 54. Kh6 Rg6+ 55. Kh7 Rg3 56. Rf4
Rg5 57. Rc4 Kd7 58. Rd4+ Ke7 59. Rc4 Rf5 60. Rc7+ Ke6 61. Rxa7 Rxe5 62. Rb7
Kf5 63. Rxb6 f6 64. a5 Re7+ 65. Kh6 Re1 66. a6 Rh1+ 67. Kg7 Rg1+ 68. Kf7 Ke5
69. Re6+ Kd5 70. a7 Ra1 71. b6 Ra6 72. b7 Rxa7 73. Re7 Rxb7 74. Rxb7 f5 75.
Kg6 Ke4 76. Rf7 f4 77. Kg5 f3 78. Kg4 Ke3 79. Rxf3+ Ke4 80. Rg3 Kd5 81. Re3
Kd6 82. Kf4 Kc6 83. Re5 {Black forfeits on time} 1-0

[Event "ICC Open 2015"]
[Site "Internet Chess Club"]
[Date "2015.05.29"]
[Round "10"]
[White "talaatabdin"]
[Black "RJoseph12"]
[Result "1-0"]
[ICCResult "Black checkmated"]
[WhiteElo "1359"]
[BlackElo "1236"]
[Opening "Danish gambit"]
[ECO "C21"]
[NIC "KP.04"]
[Time "15:52:26"]
[TimeControl "180+0"]

1. e4 e5 2. d4 exd4 3. c3 d3 4. Bxd3 Nc6 5. Nf3 Bc5 6. O-O d6 7. Bg5 Nf6 8.
h3 O-O 9. Nbd2 h6 10. Bh4 Re8 11. Qc2 Be6 12. Nb3 Bb6 13. Nbd4 Nxd4 14. cxd4
g5 15. Bg3 d5 16. exd5 Bxd5 17. Ne5 Bxd4 18. Ng4 Nxg4 19. hxg4 Qd7 20. Rad1
Qxg4 21. Qxc7 h5 22. Qd6 h4 23. Qxd5 hxg3 24. Bh7+ Kxh7 25. Rxd4 gxf2+ 26.
Rxf2 Red8 27. Qxf7+ Kh6 28. Rxg4 Rd1+ 29. Kh2 Rc1 30. Rf6# {Black
checkmated} 1-0

[Event "ICC Open 2015"]
[Site "Internet Chess Club"]
[Date "2015.05.29"]
[Round "10"]
[White "shortcastle"]
[Black "sefi"]
[Result "1-0"]
[ICCResult "Black forfeits on time"]
[WhiteElo "1554"]
[BlackElo "1166"]
[Opening "English: Carls' Bremen system"]
[ECO "A22"]
[NIC "EO.10"]
[Time "15:52:18"]
[TimeControl "180+0"]

1. c4 e5 2. Nc3 Nf6 3. g3 h6 4. Bg2 h5 5. e3 h4 6. gxh4 Rxh4 7. Nf3 Rh8 8.
d3 d6 9. Bd2 Bg4 10. Qc2 Nc6 11. O-O-O Nb4 12. Qb1 c6 13. a3 Na6 14. h3 Bf5
15. e4 Be6 16. Ng5 Bd7 17. b4 d5 18. exd5 cxd5 19. Nxd5 Nxd5 20. Bxd5 Rh4
21. Nxf7 Qc7 22. Bg5 Rh5 23. h4 Bf5 24. Bf3 Rh7 25. Bd5 Rc8 26. Qb3 b6 27.
Rd2 Nc5 28. Qc3 Na4 29. Qb3 b5 30. c5 {Black forfeits on time} 1-0

[Event "ICC Open 2015"]
[Site "Internet Chess Club"]
[Date "2015.05.29"]
[Round "10"]
[White "kava"]
[Black "FedoseevVl95"]
[Result "1-0"]
[ICCResult "Black forfeits on time"]
[WhiteElo "2939"]
[BlackElo "3073"]
[Opening "English opening"]
[ECO "A05"]
[NIC "QP.11"]
[Time "15:51:36"]
[TimeControl "180+0"]

1. Nf3 Nf6 2. c4 b6 3. g3 Bb7 4. Bg2 e6 5. O-O Be7 6. Re1 O-O 7. Nc3 d5 8.
cxd5 Nxd5 9. e4 Nxc3 10. bxc3 c5 11. d4 cxd4 12. cxd4 Nc6 13. Bb2 Na5 14.
Rc1 Rc8 15. Rxc8 Qxc8 16. d5 Nc4 17. Ba1 Rd8 18. Nd4 Bf6 19. Qb3 exd5 20.
exd5 Na5 21. Qe3 h6 22. Nc6 Bxc6 23. Bxf6 Re8 24. Be7 Bb7 25. h4 Qd7 26. d6
Bxg2 27. Kxg2 Nc4 28. Qc1 Nxd6 29. Bxd6 Rxe1 30. Qxe1 Qc6+ 31. Kg1 Qxd6 32.
Qe8+ Qf8 33. Qc6 g6 34. h5 gxh5 35. Qb7 Qa3 36. Qc8+ Kg7 37. Qc4 Qc5 38. Qa6
Qc1+ 39. Kh2 Qd2 40. Kg1 Qe1+ 41. Kg2 Qe4+ 42. Kg1 Qe7 43. Qc4 a5 44. Qd4+
Qf6 45. Qc4 Qg6 46. Qd4+ Kh7 47. Qc4 Qf5 48. Kg2 b5 49. Qc7 b4 50. Qc4 Kg6
51. Kg1 Qe6 52. Qc2+ Qf5 53. Qa4 h4 54. gxh4 Kh5 55. Qe8 Qg4+ 56. Kf1 Qd1+
57. Kg2 Qg4+ 58. Kf1 Qf5 59. Qe3 Kxh4 60. Qg3+ Kh5 61. Qh2+ Kg6 62. Qg3+ Kh7
63. Qe3 Qg6 64. Qd4 Qb1+ 65. Kg2 Qg6+ 66. Kf1 Qe6 67. Kg2 Qg6+ 68. Qg4 Qf5
69. Kg3 Qg6 70. Qxg6+ {Black forfeits on time} 1-0

[Event "ICC Open 2015"]
[Site "Internet Chess Club"]
[Date "2015.05.29"]
[Round "10"]
[White "BFavre"]
[Black "eddington"]
[Result "0-1"]
[ICCResult "White forfeits on time"]
[WhiteElo "1784"]
[BlackElo "2108"]
[Opening "English: Neo-Catalan"]
[ECO "A13"]
[NIC "RE.12"]
[Time "15:52:09"]
[TimeControl "180+0"]

1. c4 e6 2. g3 d5 3. Nf3 Nf6 4. b3 Be7 5. Bb2 O-O 6. Bg2 c5 7. cxd5 Nxd5 8.
d4 Nc6 9. dxc5 Bxc5 10. O-O Be7 11. a3 Bf6 12. Qc2 Bd7 13. Nc3 Nxc3 14. Bxc3
Rc8 15. Bxf6 Qxf6 16. Qe4 Na5 17. b4 Nc4 18. Qxb7 Bc6 19. Qxa7 Qb2 20. Qd4
Qxd4 21. Nxd4 Bxg2 22. Kxg2 Rfd8 23. e3 e5 24. Nb3 Rd3 25. Rfb1 Rc3 26. a4
Rc2 27. Kf1 Rd8 28. Rd1 Rc8 29. Nc5 g6 30. h4 Nd2+ 31. Kg2 Nc4 32. Rac1
Nxe3+ 33. Kg1 Rxc1 34. Rxc1 Nd5 35. a5 Nxb4 36. a6 Nxa6 37. Nd3 Rxc1+ 38.
Nxc1 Nc5 39. Kf1 f6 40. Ke2 Kf7 41. Ke3 Ke6 42. f3 f5 43. Kd2 Nd7 44. Kc3
Nf6 45. Nd3 Nd5+ 46. Kd2 Nf6 47. Nc5+ Kd6 48. Nb3 Ke6 49. Nc5+ Kd6 50. Nb7+
Ke6 51. Nd8+ Kd6 52. Nb7+ Ke6 53. Kc3 Ke7 54. Kc4 Ne8 55. Kc5 Kf6 56. Nd6
Ng7 57. Nc4 Nh5 58. g4 Ng3 59. g5+ Ke6 60. Nb6 f4 61. Nd5 Nf5 62. Nc7+ Ke7
63. Nb5 Nxh4 64. Nd6 Ke6 65. Ne4 Nf5 66. Nd6 Ke7 67. Kc6 Nxd6 68. Kc7 e4 69.
Kc6 Nb5 70. Kxb5 e3 71. Kc4 e2 72. Kc5 e1=Q 73. Kc6 Qf2 74. Kc7 Qxf3 75. Kc8
Qe3 76. Kb8 Qe4 77. Ka7 Qf3 78. Kb6 Qe3+ 79. Ka5 Qd4 {White forfeits on
time} 0-1

[Event "ICC Open 2015"]
[Site "Internet Chess Club"]
[Date "2015.05.29"]
[Round "10"]
[White "Doondoon"]
[Black "LLEonidSTEin"]
[Result "0-1"]
[ICCResult "White forfeits on time"]
[WhiteElo "1685"]
[BlackElo "1861"]
[Opening "QGD Slav defense"]
[ECO "D10"]
[NIC "SL.01"]
[Time "15:52:33"]
[TimeControl "180+0"]

1. d4 c6 2. c4 d5 3. Nc3 Nf6 4. Bg5 e6 5. e3 Be7 6. Nf3 O-O 7. Bd3 Nbd7 8.
O-O h6 9. Bh4 Re8 10. Rc1 a6 11. Re1 dxc4 12. Bxc4 b5 13. Bd3 Bb7 14. Bb1 c5
15. Qc2 Nf8 16. Red1 Qc7 17. Bg3 Bd6 18. Bxd6 Qxd6 19. dxc5 Qxc5 20. Qe2 Qh5
21. Ne1 Qg5 22. Rd4 Rac8 23. Rcd1 Ng6 24. a4 Nh4 25. f3 Nf5 26. Bxf5 exf5
27. f4 Qg6 28. h3 Bc6 29. axb5 axb5 30. Rd6 Qg3 31. Nf3 Ne4 32. Nxe4 Bxe4
33. Qf2 Qxf2+ 34. Kxf2 Rc2+ 35. R1d2 Rec8 36. Ne5 f6 37. Nd7 b4 38. Nb6
Rxd2+ 39. Rxd2 Rb8 40. Nd7 Rb7 41. Nc5 Re7 42. Nxe4 Rxe4 43. Rd4 Kf7 44.
Rxe4 fxe4 45. Ke2 Ke6 46. Kd2 Kd5 47. Kc2 Kc4 48. b3+ Kc5 49. g3 f5 50. Kd2
g6 51. g4 Kd5 52. g5 h5 53. h4 Kc5 54. Kc2 Kd5 55. Kd2 Kc6 56. Kc2 Kd6 57.
Kd2 Ke6 58. Kc2 Ke7 59. Kd2 Kd7 60. Kc2 Kc6 61. Kd2 Kb6 62. Kc2 Kb7
{White forfeits on time}
0-1

[Event "ICC Open 2015"]
[Site "Internet Chess Club"]
[Date "2015.05.29"]
[Round "10"]
[White "FlyAway"]
[Black "BlitzorDDD"]
[Result "0-1"]
[ICCResult "White forfeits on time"]
[WhiteElo "2869"]
[BlackElo "3192"]
[Opening "Modern defense: Averbakh system, Kotov variation"]
[ECO "B06"]
[NIC "KF.03"]
[Time "15:51:45"]
[TimeControl "180+0"]

1. e4 g6 2. d4 Bg7 3. c4 d6 4. Nc3 Nc6 5. Nge2 Nf6 6. f3 O-O 7. Bg5 h6 8.
Be3 e6 9. Qd2 Kh7 10. g4 a6 11. g5 Nd7 12. gxh6 Qh4+ 13. Ng3 Bxh6 14. O-O-O
e5 15. dxe5 Ncxe5 16. Be2 b5 17. Kb1 Nxc4 18. Bxc4 bxc4 19. Nd5 Rb8 20. Bxh6
Qxh6 21. Nxc7 Qxd2 22. Rxd2 c3 23. Rc2 cxb2 24. Rxb2 Rxb2+ 25. Kxb2 Ne5 26.
Rd1 Nxf3 27. Rxd6 Nxh2 28. Nxa6 Ng4 29. Nc7 Ne5 30. Kc3 Kg7 31. a4 Bd7 32.
Rd5 Rc8 33. Rxe5 Rxc7+ 34. Kb4 Rb7+ 35. Ka3 Rc7 36. Kb4 Kf6 37. Rd5 Be6 38.
Rc5 Rb7+ 39. Rb5 Rc7 40. Rc5 Rb7+ 41. Rb5 Rd7 42. a5 Rd3 43. a6 Rb3+ 44. Ka4
Rxg3 45. a7 Rg1 46. Ra5 Bd7+ 47. Kb4 Bc6 48. Ra6 Ke5 49. Rxc6 Ra1 50. Rc7 f6
51. Re7+ Kf4 52. Kb5 g5 53. Kb6 g4 54. Rf7 Ke5 55. Re7+ Kf4 56. Rf7 Rb1+ 57.
Kc7 Ra1 58. Kb8 Kxe4 59. Rxf6 Rb1+ 60. Kc8 Rc1+ 61. Kb7 Ra1
{White forfeits on time}
0-1

[Event "ICC Open 2015"]
[Site "Internet Chess Club"]
[Date "2015.05.29"]
[Round "10"]
[White "hAutAjArvi"]
[Black "legatus"]
[Result "1-0"]
[ICCResult "Black forfeits on time"]
[WhiteElo "2060"]
[BlackElo "2338"]
[Opening "Ruy Lopez: exchange variation"]
[ECO "C68"]
[NIC "RL.08"]
[Time "15:52:58"]
[TimeControl "180+0"]

1. e4 e5 2. Nf3 Nc6 3. Bb5 a6 4. Bxc6 dxc6 5. d3 f6 6. Nbd2 Bc5 7. b3 Ne7 8.
Bb2 Be6 9. O-O Ng6 10. Nc4 Qe7 11. Bc1 O-O-O 12. Qe2 h5 13. Be3 h4 14. h3
Nf4 15. Bxf4 exf4 16. c3 g5 17. d4 Ba7 18. Nh2 Rhe8 19. Rae1 Qf7 20. f3 c5
21. dxc5 Bxc5+ 22. Kh1 Bxc4 23. bxc4 f5 24. Rd1 Be3 25. Rxd8+ Rxd8 26. exf5
Rd2 27. Qe1 Qxc4 28. Ng4 Qxc3 29. f6 Qc4 30. Qb1 Rd8 31. Rd1 Rf8 32. Qf5+
Kb8 33. Qxg5 Qe2 34. Qd5 Bb6 35. Qd2 Ka7 36. Qxe2 Rxf6 37. Nxf6 c6 38. Qe8
a5 39. Nd7 Ka6 40. a4 Be3 41. Qa8+ Ba7 42. Rb1 {Black forfeits on time} 1-0

[Event "ICC Open 2015"]
[Site "Internet Chess Club"]
[Date "2015.05.29"]
[Round "10"]
[White "reydelmambo"]
[Black "editm"]
[Result "0-1"]
[ICCResult "White forfeits on time"]
[WhiteElo "1985"]
[BlackElo "1983"]
[Opening "English opening"]
[ECO "A05"]
[NIC "QP.11"]
[Time "15:52:24"]
[TimeControl "180+0"]

1. Nf3 Nf6 2. c4 e6 3. b3 Bb4 4. Bb2 O-O 5. g3 d6 6. Bg2 Nbd7 7. O-O e5 8.
a3 Bc5 9. b4 Bb6 10. Nc3 a5 11. d3 Re8 12. Nd2 c6 13. Qb3 Nf8 14. Nde4 Nxe4
15. dxe4 Ne6 16. e3 Bd7 17. Rad1 Qc7 18. Na4 axb4 19. Nxb6 Qxb6 20. Rxd6 Qc7
21. Rfd1 Bc8 22. axb4 Nd4 23. exd4 Qxd6 24. dxe5 Qc7 25. f4 b5 26. c5 Be6
27. Qc3 Ra2 28. Rd6 Rd8 29. f5 Bc4 30. e6 f6 31. Qd4 Raa8 32. e5 Qe7 33.
exf6 Qxf6 34. Qxf6 gxf6 35. Bxc6 Rac8 36. Bd7 Rc7 37. e7 Rcxd7 38. Rxd7 Re8
39. Bxf6 Kf7 40. Bh4 Bb3 41. Kf2 Bc2 42. Ke3 Bxf5 43. Rc7 Be6 44. Kd4 Bc4
45. Ke5 Ra8 46. Kd6 Re8 47. Kd7 Rh8 48. Rc8 Be6+ 49. Kd6 Rxc8 50. c6 Re8 51.
c7 Rc8 52. Kc6 h5 53. Kxb5 Ke8 54. Kc6 Bd7+ 55. Kb7 Bg4 56. b5 Kd7 57. b6
Re8 {White forfeits on time} 0-1

[Event "ICC Open 2015"]
[Site "Internet Chess Club"]
[Date "2015.05.29"]
[Round "10"]
[White "savlanut"]
[Black "Reinerg"]
[Result "1-0"]
[ICCResult "Black forfeits on time"]
[WhiteElo "1252"]
[BlackElo "1263"]
[Opening "Nimzo-Indian defense"]
[ECO "E20"]
[NIC "NI.30"]
[Time "15:52:13"]
[TimeControl "180+0"]

1. d4 Nf6 2. c4 e6 3. Nc3 Bb4 4. Bd2 c5 5. Nf3 b6 6. a3 Bxc3 7. Bxc3 O-O 8.
g3 h6 9. Bg2 Bb7 10. O-O d5 11. Ne5 cxd4 12. Qxd4 Nc6 13. Nxc6 Bxc6 14. Rad1
Qd7 15. b4 Rfd8 16. b5 Bb7 17. a4 Rac8 18. cxd5 Bxd5 19. e4 Bb7 20. Qxd7
Rxd7 21. Bxf6 Rxd1 22. Rxd1 gxf6 23. Rd7 Rb8 24. f4 f5 25. exf5 Bxg2 26.
Kxg2 exf5 27. Rxa7 Rc8 28. Rb7 Rc4 29. Rxb6 Rxa4 30. Rxh6 Kg7 31. Rd6 Rb4
32. b6 Kf8 33. Kf3 Ke7 34. Rh6 Kd7 35. Ke3 Kc8 36. h4 Kb7 37. Rf6 Rxb6 38.
Rxb6+ Kxb6 39. h5 Kc6 40. h6 {Black forfeits on time} 1-0

[Event "ICC Open 2015"]
[Site "Internet Chess Club"]
[Date "2015.05.29"]
[Round "10"]
[White "chesswooog"]
[Black "Yule"]
[Result "0-1"]
[ICCResult "White resigns"]
[WhiteElo "2107"]
[BlackElo "2602"]
[Opening "Sicilian: Smith-Morra gambit"]
[ECO "B21"]
[NIC "SI.48"]
[Time "15:54:27"]
[TimeControl "180+0"]

1. e4 c5 2. d4 cxd4 3. c3 d3 4. Bxd3 Nc6 5. c4 d6 6. h3 g6 7. Nf3 Bg7 8. Nc3
Nf6 9. O-O O-O 10. Be3 Nd7 11. Rc1 Nc5 12. Bb1 a5 13. b3 a4 14. Bxc5 Bxc3
15. Rxc3 dxc5 16. Rd3 Qa5 17. e5 Bf5 18. Rd2 Rfd8 19. Bxf5 gxf5 20. Rxd8+
Rxd8 21. Qc2 e6 22. Rd1 Rxd1+ 23. Qxd1 a3 24. Qd7 Nxe5 25. Qxb7 Nxf3+ 26.
gxf3 Qe1+ 27. Kg2 Kg7 28. Qa7 Qb4 29. Qe7 h6 30. h4 Qd2 31. Qxc5 Qxa2 32.
Qe5+ Kg8 33. Qb8+ Kh7 34. Qb7 Qb2 35. Qxf7+ Qg7+ 36. Qxg7+ Kxg7 37. c5 a2
38. c6 a1=Q {White resigns} 0-1